Red Wings vs Avalanche

Created - 22 février 2018 at 20:09

Goals
1 2 3 T
Red Wings 0 3 2 5
Avalanche 0 1 0 1
Shots
1 2 3 T
Red Wings 5 20 10 35
Avalanche 8 15 13 36

1st period

No Goal

Penalties :
Joseph Blandisi (DET) for Hooking (Minor) at 17:27

2nd period

1. Red Wings , Mark Scheifele 24 (Brandon Dubinsky 21, David Pastrnak 29) at 11:02
2. Red Wings , David Pastrnak 23 (Mark Scheifele 38) at 12:07 (PP)
3. Red Wings , David Pastrnak 24 (Mark Scheifele 39, Brandon Dubinsky 22) at 13:19 (PP)
4. Avalanche , Aleksander Barkov 26 (Johnny Gaudreau 18) at 14:03

Penalties :
Adam Larsson (COL) for Hooking (Minor) at 5:07, Mark Giordano (COL) for High sticking (Minor) at 11:05, Sean Couturier (COL) for Interference (Minor) at 12:23

3rd period

5. Red Wings , Tomas Tatar 20 (John Tavares 33) at 8:52
6. Red Wings , Tomas Tatar 21 (Dion Phaneuf 18, John Tavares 34) at 9:06

Penalties :
Nikita Kucherov (COL) for Hooking (Minor) at 12:32

Goalie Stats

James Reimer (DET), 35 saves from 36 shots - (0,972), W, 23-16-4, 60:00 minutes
Cory Schneider (COL), 30 saves from 35 shots - (0,857), L, 20-15-7, 60:00 minutes

Players Stats for Red Wings

Player Name              G  A  P  +/- PIM S  H  SB GA TA FO     MP     PP MP  PK MP  
------------------------------------------------------------------------------------
Ben Hutton               0  0  0   1  0   0  1  1  0  0  0/0    11:06   0:00   0:00 
Brandon Dubinsky         0  2  2   1  0   0  2  0  0  2  2/3    20:33   3:21   0:49 
Cedric Paquette          0  0  0   0  0   0  1  0  0  0  1/4     7:08   0:00   0:00 
Christian Djoos          0  0  0   1  0   1  0  0  0  2  0/0    11:34   0:00   0:28 
Connor Murphy            0  0  0   0  0   1  2  1  0  0  0/0    19:17   2:12   0:21 
David Pastrnak           2  1  3   1  0   6  5  0  0  0  0/0    20:28   3:21   0:44 
Dion Phaneuf             0  1  1   1  0   3  1  1  0  1  0/0    25:54   3:44   1:10 
Dylan DeMelo             0  0  0   0  0   0  0  0  0  0  0/0     4:26   0:00   0:28 
Jake DeBrusk             0  0  0   0  0   0  1  0  0  0  0/1     7:08   0:00   0:00 
John Carlson             0  0  0   1  0   4  0  3  0  3  0/0    29:09   3:44   1:10 
John Tavares             0  2  2   2  0   5  0  2  0  0  11/14  19:19   2:35   0:59 
Joseph Blandisi          0  0  0  -1  2   2  0  0  1  0  0/0    12:52   0:00   0:00 
Lukas Sedlak             0  0  0   0  0   0  0  0  0  0  0/0     0:00   0:00   0:00 
Mark Scheifele           1  2  3   1  0   4  0  0  1  1  18/44  26:09   3:21   0:49 
Matt Nieto               0  0  0  -1  0   0  2  1  1  0  0/0    12:49   0:00   0:00 
Nick Bonino              0  0  0  -1  0   1  0  0  1  0  4/8    13:26   0:00   0:37 
Oscar Lindberg           0  0  0   0  0   0  0  0  0  0  0/1     1:28   0:00   0:00 
Paul Martin              0  0  0   0  0   2  0  0  0  1  0/0    18:34   2:12   0:21 
Sam Gagner               0  0  0   2  0   2  0  0  1  0  0/1    18:20   2:35   0:00 
Tomas Tatar              2  0  2   2  0   4  2  0  0  1  0/1    18:20   2:35   0:00 

Players Stats for Avalanche

Player Name              G  A  P  +/- PIM S  H  SB GA TA FO     MP     PP MP  PK MP  
------------------------------------------------------------------------------------
Adam Larsson             0  0  0  -1  2   2  2  2  0  0  0/0    18:38   0:53   0:52 
Aleksander Barkov        1  0  1   1  0   4  2  1  1  0  12/20  16:44   0:56   0:00 
Alex Chiasson            0  0  0   0  0   0  0  0  2  0  0/0     7:02   0:00   0:00 
Fedor Tyutin             0  0  0  -1  0   1  1  0  0  0  0/0    13:15   0:00   0:00 
Jaccob Slavin            0  0  0   0  0   0  2  2  0  0  0/0    27:34   1:06   4:31 
Jakob Silfverberg        0  0  0   1  0   3  1  1  1  0  0/1    21:16   0:56   4:31 
Johnny Gaudreau          0  1  1   1  0   7  2  1  2  1  0/0    16:50   1:03   0:00 
Mark Giordano            0  0  0   0  2   0  1  3  0  0  0/0    26:33   1:06   3:31 
Mark Jankowski           0  0  0  -1  0   1  1  0  0  0  0/0    11:38   0:00   0:00 
Mark Stone               0  0  0  -2  0   3  1  0  1  0  1/2    19:03   0:56   0:54 
Mark Stuart              0  0  0  -1  0   0  3  2  0  2  0/0    14:48   0:00   1:33 
Mattias Ekholm           0  0  0  -1  0   3  0  0  0  1  0/0    19:11   0:53   1:25 
Micheal Ferland          0  0  0  -1  0   1  0  0  0  0  0/1    12:38   0:00   0:36 
Nikita Kucherov          0  0  0  -2  2   2  0  2  3  0  0/1    18:38   1:03   0:00 
Pavel Buchnevich         0  0  0   0  0   2  1  0  1  1  0/0     7:31   0:00   0:29 
Sam Bennett              0  0  0   0  0   2  0  0  0  0  3/3     7:02   0:00   0:00 
Sean Couturier           0  0  0  -2  2   1  1  0  0  0  13/27  19:08   1:03   0:54 
Zack Smith               0  0  0  -1  0   4  0  0  0  0  12/22  16:31   0:00   4:28 

3 Stars

1 - David Pastrnak (DET)
2 - Tomas Tatar (DET)
3 - James Reimer (DET)

Power Play

Red Wings - 2 on 4 Attempt(s) - 50,00%
Avalanche - 0 on 1 Attempt(s) - 0,00%

Penalty Kill

Red Wings - 1 on 1 Attempt(s) - 100,00% - Score 0 goal in Penalty Kill
Avalanche - 2 on 4 Attempt(s) - 50,00% - Score 0 goal in Penalty Kill

Team Stat

Red Wings - Hits : 17 - Faceoff Wins : 36 - Blocked Shots : 9 - Penalty Minutes : 2
Avalanche - Hits : 18 - Faceoff Wins : 41 - Blocked Shots : 14 - Penalty Minutes : 8

Official

Referees : Garrett Rank and Eric Furlatt
Linesman : Derek Nansen and Scott Cherrey

Game Notes

No Game Note

Finance

Level 1 -- Attendance: 4192 (69,87%) -- Ticket Income 419 200 $
Level 2 -- Attendance: 3135 (62,70%) -- Ticket Income 219 450 $
Level 3 -- Attendance: 1211 (60,55%) -- Ticket Income 56 917 $
Level 4 -- Attendance: 2101 (52,53%) -- Ticket Income 73 535 $
Luxury Box -- Attendance: 906 (90,60%) -- Ticket Income 144 960 $
Game was played at the Pepsi Center.
Total Attendance: 11545 (64,14%)
Total Ticket Income: 914 062 $
Other Income: 447 890 $
Total Income: 1 361 952 $

Red Wings

5 vs 5 Forward 
   Center                   Left Wing                Right Wing               Time % Phy DF OF 
 1 Mark Scheifele           Brandon Dubinsky         David Pastrnak           40     1   2  2  
 2 John Tavares             Tomas Tatar              Sam Gagner               30     1   2  2  
 3 Nick Bonino              Matt Nieto               Joseph Blandisi          20     1   2  2  
 4 Cedric Paquette          Jake DeBrusk             Mark Scheifele           10     1   2  2  

5 vs 5 Defense 
   Defense                  Defense                                           Time % Phy DF OF 
 1 John Carlson             Dion Phaneuf                                      40     1   2  2  
 2 Connor Murphy            Paul Martin                                       30     1   2  2  
 3 Ben Hutton               Christian Djoos                                   20     1   2  2  
 4 Dylan DeMelo             John Carlson                                      10     1   2  2  

PowerPlay Forward 
   Center                   Left Wing                Right Wing               Time % Phy DF OF 
 1 Mark Scheifele           Brandon Dubinsky         David Pastrnak           60     1   2  2  
 2 John Tavares             Tomas Tatar              Sam Gagner               40     1   2  2  

PowerPlay Defense
   Defense                  Defense                                           Time % Phy DF OF 
 1 John Carlson             Dion Phaneuf                                      60     1   2  2  
 2 Connor Murphy            Paul Martin                                       40     1   2  2  

Penalty Kill 4 Players Forward 
   Center                   Wing                     Time % Phy DF OF 
 1 Mark Scheifele           John Tavares             60     1   2  2  
 2 Brandon Dubinsky         David Pastrnak           40     1   2  2  

Penalty Kill 4 Players Defense
   Defense                  Defense                  Time % Phy DF OF 
 1 John Carlson             Dion Phaneuf             60     1   2  2  
 2 Connor Murphy            Paul Martin              40     1   2  2  

Penalty Kill - 3 Players Forward 
   Forward                                           Time % Phy DF OF 
 1 Mark Scheifele                                    60     1   2  2  
 2 John Tavares                                      40     1   2  2  

Penalty Kill - 3 Players Defense
   Defense                  Defense                  Time % Phy DF OF 
 1 John Carlson             Dion Phaneuf             60     1   2  2  
 2 Connor Murphy            Paul Martin              40     1   2  2  

4 vs 4 Forward 
   Center                   Wing                     Time % Phy DF OF 
 1 Mark Scheifele           John Tavares             60     1   2  2  
 2 Brandon Dubinsky         David Pastrnak           40     1   2  2  

4 vs 4 Defense
   Defense                  Defense                  Time % Phy DF OF 
 1 John Carlson             Dion Phaneuf             60     1   2  2  
 2 Connor Murphy            Paul Martin              40     1   2  2  

Last Minutes Offensive
   Center                   Left Wing                Right Wing               Defense                  Defense                  
   Mark Scheifele           Brandon Dubinsky         David Pastrnak           John Carlson             Dion Phaneuf             

Last Minutes Defensive
   Center                   Left Wing                Right Wing               Defense                  Defense                  
   Mark Scheifele           Brandon Dubinsky         David Pastrnak           John Carlson             Dion Phaneuf             

Goaltenders
Starting : James Reimer             
Backup : Anders Nilsson           

Extra Forwards
Normal : Oscar Lindberg, Lukas Sedlak, Nick Bonino - PP : Oscar Lindberg, Lukas Sedlak - PK : Nick Bonino
Extra Defensemen
Normal : Ben Hutton, Christian Djoos, Dylan DeMelo - PP : Ben Hutton - PK : Christian Djoos, Dylan DeMelo
Penalty Shots
Mark Scheifele, John Tavares, Brandon Dubinsky, David Pastrnak, Tomas Tatar
Custom OT Lines Forwards
Mark Scheifele, John Tavares, Brandon Dubinsky, David Pastrnak, Tomas Tatar, Nick Bonino, Sam Gagner, Matt Nieto, Cedric Paquette, Jake DeBrusk
Custom OT Lines Defensemen
John Carlson, Dion Phaneuf, Connor Murphy, Paul Martin, Ben Hutton

Scratches
Bryce Van Brabant (Healthy), Michael Zalewski (Healthy), Ryan Johnston (Healthy)

Avalanche

5 vs 5 Forward 
   Center                   Left Wing                Right Wing               Time % Phy DF OF 
 1 Sean Couturier           Nikita Kucherov          Mark Stone               35     0   2  3  
 2 Aleksander Barkov        Johnny Gaudreau          Jakob Silfverberg        32     0   2  3  
 3 Zack Smith               Mark Jankowski           Micheal Ferland          25     0   2  3  
 4 Sam Bennett              Pavel Buchnevich         Alex Chiasson            8      0   3  2  

5 vs 5 Defense 
   Defense                  Defense                                           Time % Phy DF OF 
 1 Mark Giordano            Jaccob Slavin                                     35     0   3  2  
 2 Mattias Ekholm           Adam Larsson                                      32     0   3  2  
 3 Fedor Tyutin             Mark Stuart                                       25     0   3  2  
 4 Mark Giordano            Jaccob Slavin                                     8      0   3  2  

PowerPlay Forward 
   Center                   Left Wing                Right Wing               Time % Phy DF OF 
 1 Sean Couturier           Johnny Gaudreau          Nikita Kucherov          60     0   1  4  
 2 Aleksander Barkov        Jakob Silfverberg        Mark Stone               40     0   1  4  

PowerPlay Defense
   Defense                  Defense                                           Time % Phy DF OF 
 1 Mark Giordano            Jaccob Slavin                                     60     0   3  2  
 2 Mattias Ekholm           Adam Larsson                                      40     0   3  2  

Penalty Kill 4 Players Forward 
   Center                   Wing                     Time % Phy DF OF 
 1 Zack Smith               Jakob Silfverberg        60     1   2  2  
 2 Sean Couturier           Mark Stone               40     1   2  2  

Penalty Kill 4 Players Defense
   Defense                  Defense                  Time % Phy DF OF 
 1 Mark Giordano            Jaccob Slavin            60     1   2  2  
 2 Mattias Ekholm           Adam Larsson             40     1   2  2  

Penalty Kill - 3 Players Forward 
   Forward                                           Time % Phy DF OF 
 1 Zack Smith                                        60     1   2  2  
 2 Sean Couturier                                    40     1   2  2  

Penalty Kill - 3 Players Defense
   Defense                  Defense                  Time % Phy DF OF 
 1 Mark Giordano            Jaccob Slavin            60     1   2  2  
 2 Mattias Ekholm           Adam Larsson             40     1   2  2  

4 vs 4 Forward 
   Center                   Wing                     Time % Phy DF OF 
 1 Zack Smith               Jakob Silfverberg        60     1   2  2  
 2 Sean Couturier           Nikita Kucherov          40     1   2  2  

4 vs 4 Defense
   Defense                  Defense                  Time % Phy DF OF 
 1 Mark Giordano            Jaccob Slavin            60     1   2  2  
 2 Mattias Ekholm           Adam Larsson             40     1   2  2  

Last Minutes Offensive
   Center                   Left Wing                Right Wing               Defense                  Defense                  
   Aleksander Barkov        Nikita Kucherov          Mark Stone               Mark Giordano            Jaccob Slavin            

Last Minutes Defensive
   Center                   Left Wing                Right Wing               Defense                  Defense                  
   Aleksander Barkov        Nikita Kucherov          Mark Stone               Mark Giordano            Jaccob Slavin            

Goaltenders
Starting : Cory Schneider           
Backup : Troy Grosenick           

Extra Forwards
Normal : Johnny Gaudreau, Sam Bennett, Micheal Ferland - PP : Johnny Gaudreau, Sam Bennett - PK : Micheal Ferland
Extra Defensemen
Normal : Fedor Tyutin, Mark Stuart, Mattias Ekholm - PP : Fedor Tyutin - PK : Mark Stuart, Mattias Ekholm
Penalty Shots
Nikita Kucherov, Aleksander Barkov, Sean Couturier, Mark Stone, Jakob Silfverberg
Custom OT Lines Forwards
Nikita Kucherov, Aleksander Barkov, Sean Couturier, Mark Stone, Jakob Silfverberg, Johnny Gaudreau, Zack Smith, Sam Bennett, Micheal Ferland, Alex Chiasson
Custom OT Lines Defensemen
Mark Giordano, Jaccob Slavin, Mattias Ekholm, Adam Larsson, Fedor Tyutin

Scratches
Damon Severson (Healthy), Nikita Tryamkin (Healthy), Aaron Dell (Healthy)

% Time on Ice - Red Wings

Lines # - Real PCT - Wanted PCT - Time Play
Normal Forward
1 - 31% - 40% - 16:23
2 - 30% - 30% - 15:45
3 - 25% - 20% - 12:49
4 - 14% - 10% - 7:08
Normal Defense
1 - 40% - 40% - 21:00
2 - 31% - 30% - 16:01
3 - 21% - 20% - 11:06
4 - 8% - 10% - 3:58
PP Forward
1 - 56% - 60% - 3:21
2 - 44% - 40% - 2:35
PP Defense
1 - 63% - 60% - 3:44
2 - 37% - 40% - 2:12
PK Forward
1 - 87% - 60% - 1:44
2 - 13% - 40% - 0:15
PK Defense
1 - 59% - 60% - 1:10
2 - 41% - 40% - 0:49
PK3 Forward
1 - 0% - 60%
2 - 0% - 40%
PK3 Defense
1 - 0% - 60%
2 - 0% - 40%
44 Forward
1 - 0% - 60%
2 - 0% - 40%
44 Defense
1 - 0% - 60%
2 - 0% - 40%
Last Minute Offensive  - 0:00
Last Minute Defensive  - 0:00
Total
Forward - 60:00
Defense - 60:00

% Time on Ice - Avalanche

Lines # - Real PCT - Wanted PCT - Time Play
Normal Forward
1 - 34% - 35% - 17:37
2 - 30% - 32% - 15:48
3 - 22% - 25% - 11:38
4 - 14% - 8% - 7:02
Normal Defense
1 - 36% - 35% - 18:41
2 - 32% - 32% - 16:53
3 - 25% - 25% - 13:15
4 - 6% - 8% - 3:16
PP Forward
1 - 53% - 60% - 1:03
2 - 47% - 40% - 0:56
PP Defense
1 - 55% - 60% - 1:06
2 - 45% - 40% - 0:53
PK Forward
1 - 85% - 60% - 5:02
2 - 15% - 40% - 0:54
PK Defense
1 - 76% - 60% - 4:31
2 - 24% - 40% - 1:25
PK3 Forward
1 - 0% - 60%
2 - 0% - 40%
PK3 Defense
1 - 0% - 60%
2 - 0% - 40%
44 Forward
1 - 0% - 60%
2 - 0% - 40%
44 Defense
1 - 0% - 60%
2 - 0% - 40%
Last Minute Offensive  - 0:00
Last Minute Defensive  - 0:00
Total
Forward - 60:00
Defense - 60:00

Play by Play

1st period


0:01 of 1st period - Mark Scheifele wins face-off versus Mark Stone in neutral zone.
0:33 of 1st period - Snap shot by John Tavares.
0:33 of 1st period - Shot Misses the Net.
1:31 of 1st period - Mark Scheifele is hit by Mark Stuart and loses puck.
2:36 of 1st period - Snap shot by Mark Stone.
2:36 of 1st period - Shot Misses the Net.
3:32 of 1st period - Wrist shot by Zack Smith.
3:32 of 1st period - Stopped by James Reimer with a rebound.
3:44 of 1st period - John Carlson is hit by Mark Giordano and loses puck.
4:05 of 1st period - Aleksander Barkov is hit by David Pastrnak and loses puck.
4:56 of 1st period - Sam Bennett is hit by David Pastrnak and loses puck.
5:17 of 1st period - Adam Larsson is hit by Ben Hutton and loses puck.
6:13 of 1st period - Matt Nieto is hit by Aleksander Barkov and loses puck.
7:10 of 1st period - John Tavares is hit by Adam Larsson and loses puck.
7:17 of 1st period - Snap shot by Mark Stone.
7:17 of 1st period - Stopped by James Reimer without a rebound.
7:18 of 1st period - Nick Bonino wins face-off versus Aleksander Barkov in Red Wings zone.
7:33 of 1st period - Connor Murphy is hit by Fedor Tyutin and loses puck.
7:51 of 1st period - Connor Murphy is hit by Mark Stone and loses puck.
8:04 of 1st period - Mark Stone is hit by Connor Murphy and loses puck.
8:19 of 1st period - Slapshot by John Tavares.
8:19 of 1st period - Shot Misses the Net.
8:21 of 1st period - Slapshot by Connor Murphy.
8:21 of 1st period - Deflect By John Tavares.
8:21 of 1st period - Shot Misses the Net.
8:21 of 1st period - Puck is out of play.
8:22 of 1st period - Aleksander Barkov wins face-off versus Mark Scheifele in Avalanche zone.
8:35 of 1st period - Snap shot by Johnny Gaudreau.
8:35 of 1st period - Stopped by James Reimer with a rebound.
8:49 of 1st period - Wrist shot by Zack Smith.
8:49 of 1st period - Shot Misses the Net.
9:01 of 1st period - Matt Nieto is hit by Mark Stuart and loses puck.
9:19 of 1st period - Icing by Ben Hutton.
9:20 of 1st period - Sam Bennett wins face-off versus Cedric Paquette in Red Wings zone.
9:39 of 1st period - Slapshot by Sam Bennett.
9:39 of 1st period - Stopped by James Reimer with a rebound.
9:45 of 1st period - Backhand shot by Jake DeBrusk.
9:45 of 1st period - Deflect By Mark Scheifele.
9:45 of 1st period - Shot Misses the Net.
9:45 of 1st period - Puck is out of play.
9:46 of 1st period - John Tavares wins face-off versus Aleksander Barkov in Avalanche zone.
10:06 of 1st period - Icing by Adam Larsson.
10:07 of 1st period - Aleksander Barkov wins face-off versus Mark Scheifele in Avalanche zone.
10:30 of 1st period - Jakob Silfverberg is hit by Dion Phaneuf.
10:36 of 1st period - Slapshot by Sam Gagner.
10:36 of 1st period - Stopped by Cory Schneider with a rebound.
10:42 of 1st period - Snap shot by John Tavares.
10:42 of 1st period - Stopped by Cory Schneider without a rebound.
10:43 of 1st period - Mark Scheifele wins face-off versus Sean Couturier in Avalanche zone.
10:46 of 1st period - Snap shot by David Pastrnak.
10:46 of 1st period - Shot Misses the Net.
10:48 of 1st period - Slapshot by John Carlson.
10:48 of 1st period - Deflect By Mark Giordano.
10:48 of 1st period - Stopped by Cory Schneider with a rebound.
10:50 of 1st period - Slapshot by Dion Phaneuf.
10:50 of 1st period - Stopped by Cory Schneider with a rebound.
11:17 of 1st period - Slapshot by Zack Smith.
11:17 of 1st period - Shot Misses the Net.
11:47 of 1st period - Backhand shot by Aleksander Barkov.
11:47 of 1st period - Stopped by James Reimer with a rebound.
11:53 of 1st period - Jakob Silfverberg is hit by Jake DeBrusk and loses puck.
13:14 of 1st period - Wrist shot by Aleksander Barkov.
13:14 of 1st period - Shot Misses the Net.
13:34 of 1st period - Slapshot by John Tavares.
13:34 of 1st period - Shot Misses the Net.
14:26 of 1st period - Wrist shot by John Tavares.
14:26 of 1st period - Shot Misses the Net.
14:34 of 1st period - Slapshot by Johnny Gaudreau.
14:34 of 1st period - Stopped by James Reimer without a rebound.
14:35 of 1st period - Mark Stone wins face-off versus Jake DeBrusk in Red Wings zone.
14:40 of 1st period - Wrist shot by Nikita Kucherov.
14:40 of 1st period - Stopped by James Reimer without a rebound.
14:41 of 1st period - Sean Couturier wins face-off versus Mark Scheifele in Red Wings zone.
15:40 of 1st period - Connor Murphy is hit by Johnny Gaudreau and loses puck.
16:22 of 1st period - Sam Gagner is hit by Jaccob Slavin and loses puck.
17:03 of 1st period - Wrist shot by Johnny Gaudreau.
17:03 of 1st period - Shot Misses the Net.
17:27 of 1st period - Minor Penalty to Joseph Blandisi for Hooking.
17:28 of 1st period - Mark Scheifele wins face-off versus Sean Couturier in Red Wings zone.
17:32 of 1st period - Snap shot by John Tavares.
17:32 of 1st period - Shot Blocked by Nikita Kucherov.
17:34 of 1st period - Slapshot by John Carlson.
17:34 of 1st period - Stopped by Cory Schneider with a rebound.
17:36 of 1st period - Wrist shot by Mark Scheifele.
17:36 of 1st period - Shot Blocked by Mark Giordano.
19:27 of 1st period - Penalty to Joseph Blandisi is over, Joseph Blandisi is back on ice.
19:35 of 1st period - Icing by Matt Nieto.
19:36 of 1st period - Zack Smith wins face-off versus Nick Bonino in Red Wings zone.
19:45 of 1st period - Snap shot by Micheal Ferland.
19:45 of 1st period - Stopped by James Reimer without a rebound.
19:46 of 1st period - John Tavares wins face-off versus Zack Smith in Red Wings zone.
19:46 of 1st period - John Tavares is hit by Mark Stuart.
Goals for this period are 0 for Red Wings vs 0 for Avalanche.
Shots for this period are 5 for Red Wings vs 8 for Avalanche.

2nd period


0:01 of 2nd period - Sean Couturier wins face-off versus Mark Scheifele in neutral zone.
0:03 of 2nd period - Off-side.
0:04 of 2nd period - Sean Couturier wins face-off versus Mark Scheifele in neutral zone.
0:31 of 2nd period - Snap shot by Mark Scheifele.
0:31 of 2nd period - Shot Misses the Net.
0:33 of 2nd period - Snap shot by Dion Phaneuf.
0:33 of 2nd period - Shot Misses the Net.
0:35 of 2nd period - Slapshot by John Carlson.
0:35 of 2nd period - Stopped by Cory Schneider without a rebound.
0:36 of 2nd period - John Tavares wins face-off versus Jakob Silfverberg in Avalanche zone.
0:49 of 2nd period - Wrist shot by Aleksander Barkov.
0:49 of 2nd period - Deflect By Johnny Gaudreau.
0:49 of 2nd period - Stopped by James Reimer without a rebound.
0:50 of 2nd period - Sean Couturier wins face-off versus Mark Scheifele in Red Wings zone.
1:01 of 2nd period - Snap shot by Mark Stone.
1:01 of 2nd period - Shot Misses the Net.
1:45 of 2nd period - Wrist shot by Johnny Gaudreau.
1:45 of 2nd period - Shot Misses the Net.
2:03 of 2nd period - Wrist shot by Nikita Kucherov.
2:03 of 2nd period - Stopped by James Reimer without a rebound.
2:04 of 2nd period - Sean Couturier wins face-off versus Cedric Paquette in Red Wings zone.
2:05 of 2nd period - Snap shot by Nikita Kucherov.
2:05 of 2nd period - Shot Blocked by John Carlson.
2:07 of 2nd period - Wrist shot by Mattias Ekholm.
2:07 of 2nd period - Stopped by James Reimer with a rebound.
2:09 of 2nd period - Slapshot by Nikita Kucherov.
2:09 of 2nd period - Shot Misses the Net.
2:11 of 2nd period - Snap shot by Sean Couturier.
2:11 of 2nd period - Shot Misses the Net.
2:13 of 2nd period - Slapshot by Mattias Ekholm.
2:13 of 2nd period - Shot Misses the Net.
2:15 of 2nd period - Slapshot by Sean Couturier.
2:15 of 2nd period - Shot Misses the Net.
2:17 of 2nd period - Wrist shot by Mark Stone.
2:17 of 2nd period - Shot Misses the Net.
2:19 of 2nd period - Slapshot by Mattias Ekholm.
2:19 of 2nd period - Stopped by James Reimer without a rebound.
2:20 of 2nd period - Aleksander Barkov wins face-off versus Mark Scheifele in Red Wings zone.
2:21 of 2nd period - Snap shot by Johnny Gaudreau.
2:21 of 2nd period - Stopped by James Reimer with a rebound.
2:23 of 2nd period - Slapshot by Adam Larsson.
2:23 of 2nd period - Stopped by James Reimer without a rebound.
2:24 of 2nd period - Aleksander Barkov wins face-off versus Mark Scheifele in Red Wings zone.
2:35 of 2nd period - Snap shot by Aleksander Barkov.
2:35 of 2nd period - Shot Misses the Net.
2:53 of 2nd period - Snap shot by Zack Smith.
2:53 of 2nd period - Stopped by James Reimer without a rebound.
2:54 of 2nd period - John Tavares wins face-off versus Zack Smith in Red Wings zone.
3:01 of 2nd period - Snap shot by John Tavares.
3:01 of 2nd period - Stopped by Cory Schneider without a rebound.
3:02 of 2nd period - John Tavares wins face-off versus Sean Couturier in Avalanche zone.
3:03 of 2nd period - Slapshot by Sam Gagner.
3:03 of 2nd period - Stopped by Cory Schneider without a rebound.
3:04 of 2nd period - John Tavares wins face-off versus Sean Couturier in Avalanche zone.
4:09 of 2nd period - Icing by Zack Smith.
4:10 of 2nd period - Zack Smith wins face-off versus Nick Bonino in Avalanche zone.
4:23 of 2nd period - Wrist shot by Nick Bonino.
4:23 of 2nd period - Shot Hit the Post.
4:37 of 2nd period - Snap shot by Mark Scheifele.
4:37 of 2nd period - Stopped by Cory Schneider with a rebound.
4:39 of 2nd period - Slapshot by Dion Phaneuf.
4:39 of 2nd period - Shot Blocked by Adam Larsson.
5:07 of 2nd period - Minor Penalty to Adam Larsson for Hooking.
5:08 of 2nd period - Mark Scheifele wins face-off versus Zack Smith in Avalanche zone.
5:15 of 2nd period - Slapshot by Mark Scheifele.
5:15 of 2nd period - Stopped by Cory Schneider without a rebound.
5:16 of 2nd period - Zack Smith wins face-off versus Mark Scheifele in Avalanche zone.
5:16 of 2nd period - Zack Smith is hit by Brandon Dubinsky.
5:28 of 2nd period - Wrist shot by Jakob Silfverberg.
5:28 of 2nd period - Deflect By Zack Smith.
5:28 of 2nd period - Shot Misses the Net.
5:28 of 2nd period - Puck is out of play.
5:29 of 2nd period - Zack Smith wins face-off versus Mark Scheifele in Red Wings zone.
5:32 of 2nd period - Wrist shot by Jakob Silfverberg.
5:32 of 2nd period - Stopped by James Reimer without a rebound.
5:33 of 2nd period - Zack Smith wins face-off versus Mark Scheifele in Red Wings zone.
7:07 of 2nd period - Penalty to Adam Larsson is over, Adam Larsson is back on ice.
7:32 of 2nd period - Slapshot by Pavel Buchnevich.
7:32 of 2nd period - Stopped by James Reimer without a rebound.
7:33 of 2nd period - Sam Bennett wins face-off versus Cedric Paquette in Red Wings zone.
7:36 of 2nd period - Snap shot by Pavel Buchnevich.
7:36 of 2nd period - Shot Misses the Net.
7:38 of 2nd period - Wrist shot by Pavel Buchnevich.
7:38 of 2nd period - Stopped by James Reimer with a rebound.
7:40 of 2nd period - Wrist shot by Mattias Ekholm.
7:40 of 2nd period - Stopped by James Reimer without a rebound.
7:41 of 2nd period - Sean Couturier wins face-off versus Mark Scheifele in Red Wings zone.
7:56 of 2nd period - Slapshot by Sean Couturier.
7:56 of 2nd period - Stopped by James Reimer without a rebound.
7:57 of 2nd period - Aleksander Barkov wins face-off versus John Tavares in Red Wings zone.
7:58 of 2nd period - Slapshot by Johnny Gaudreau.
7:58 of 2nd period - Stopped by James Reimer without a rebound.
7:59 of 2nd period - John Tavares wins face-off versus Aleksander Barkov in Red Wings zone.
8:16 of 2nd period - Slapshot by Aleksander Barkov.
8:16 of 2nd period - Shot Blocked by John Tavares.
8:42 of 2nd period - Wrist shot by John Tavares.
8:42 of 2nd period - Stopped by Cory Schneider without a rebound.
8:43 of 2nd period - Mark Scheifele wins face-off versus Sean Couturier in Avalanche zone.
8:50 of 2nd period - Wrist shot by David Pastrnak.
8:50 of 2nd period - Shot Blocked by Mark Stuart.
9:10 of 2nd period - Nick Bonino is hit by Aleksander Barkov and loses puck.
9:21 of 2nd period - Snap shot by Aleksander Barkov.
9:21 of 2nd period - Shot Misses the Net.
9:23 of 2nd period - Snap shot by Adam Larsson.
9:23 of 2nd period - Deflect By Johnny Gaudreau.
9:23 of 2nd period - Stopped by James Reimer without a rebound.
9:24 of 2nd period - Mark Scheifele wins face-off versus Zack Smith in Red Wings zone.
10:21 of 2nd period - Wrist shot by Sam Bennett.
10:21 of 2nd period - Shot Blocked by John Carlson.
10:23 of 2nd period - Slapshot by Pavel Buchnevich.
10:23 of 2nd period - Shot Misses the Net.
10:25 of 2nd period - Slapshot by Pavel Buchnevich.
10:25 of 2nd period - Shot Misses the Net.
10:27 of 2nd period - Slapshot by Fedor Tyutin.
10:27 of 2nd period - Shot Blocked by John Carlson.
10:40 of 2nd period - Wrist shot by Matt Nieto.
10:40 of 2nd period - Shot Misses the Net.
10:42 of 2nd period - Slapshot by Dion Phaneuf.
10:42 of 2nd period - Shot Misses the Net.
10:44 of 2nd period - Slapshot by Dion Phaneuf.
10:44 of 2nd period - Shot Blocked by Jakob Silfverberg.
10:48 of 2nd period - Wrist shot by Joseph Blandisi.
10:48 of 2nd period - Stopped by Cory Schneider without a rebound.
10:49 of 2nd period - Mark Scheifele wins face-off versus Sean Couturier in Avalanche zone.
10:58 of 2nd period - Snap shot by Mark Scheifele.
10:58 of 2nd period - Shot Blocked by Adam Larsson.
11:02 of 2nd period - Snap shot by Mark Scheifele.
11:02 of 2nd period - Goal by Mark Scheifele - Red Wings : 1 - Avalanche : 0.
11:03 of 2nd period - Sean Couturier wins face-off versus Mark Scheifele in neutral zone.
11:05 of 2nd period - Minor Penalty to Mark Giordano for High sticking.
11:06 of 2nd period - Mark Scheifele wins face-off versus Zack Smith in Avalanche zone.
11:06 of 2nd period - Snap shot by David Pastrnak.
11:06 of 2nd period - Shot Misses the Net.
11:32 of 2nd period - Mark Stuart is hit by Tomas Tatar and loses puck.
11:37 of 2nd period - Snap shot by John Tavares.
11:37 of 2nd period - Stopped by Cory Schneider without a rebound.
11:38 of 2nd period - John Tavares wins face-off versus Zack Smith in Avalanche zone.
12:01 of 2nd period - Wrist shot by Tomas Tatar.
12:01 of 2nd period - Shot Misses the Net.
12:03 of 2nd period - Snap shot by Sam Gagner.
12:03 of 2nd period - Shot Blocked by Mark Stuart.
12:05 of 2nd period - Slapshot by Tomas Tatar.
12:05 of 2nd period - Stopped by Cory Schneider without a rebound.
12:06 of 2nd period - Mark Scheifele wins face-off versus Sean Couturier in Avalanche zone.
12:07 of 2nd period - Wrist shot by David Pastrnak.
12:07 of 2nd period - Goal by David Pastrnak - Red Wings : 2 - Avalanche : 0.
12:08 of 2nd period - Sean Couturier wins face-off versus Mark Scheifele in neutral zone.
12:23 of 2nd period - Minor Penalty to Sean Couturier for Interference.
12:24 of 2nd period - Zack Smith wins face-off versus Mark Scheifele in Avalanche zone.
12:40 of 2nd period - Snap shot by Mark Scheifele.
12:40 of 2nd period - Stopped by Cory Schneider without a rebound.
12:41 of 2nd period - Zack Smith wins face-off versus Mark Scheifele in Avalanche zone.
12:50 of 2nd period - Wrist shot by David Pastrnak.
12:50 of 2nd period - Stopped by Cory Schneider without a rebound.
12:51 of 2nd period - Zack Smith wins face-off versus Mark Scheifele in Avalanche zone.
12:51 of 2nd period - Zack Smith is hit by Brandon Dubinsky.
13:19 of 2nd period - Snap shot by David Pastrnak.
13:19 of 2nd period - Goal by David Pastrnak - Red Wings : 3 - Avalanche : 0.
13:20 of 2nd period - Aleksander Barkov wins face-off versus Mark Scheifele in neutral zone.
13:46 of 2nd period - Jaccob Slavin is hit by Matt Nieto and loses puck.
14:03 of 2nd period - Slapshot by Aleksander Barkov.
14:03 of 2nd period - Goal by Aleksander Barkov - Red Wings : 3 - Avalanche : 1.
14:04 of 2nd period - Sean Couturier wins face-off versus Mark Scheifele in neutral zone.
14:43 of 2nd period - Snap shot by Zack Smith.
14:43 of 2nd period - Shot Misses the Net.
14:54 of 2nd period - Off-side.
14:55 of 2nd period - Nick Bonino wins face-off versus Aleksander Barkov in neutral zone.
15:06 of 2nd period - Slapshot by Nick Bonino.
15:06 of 2nd period - Shot Blocked by Mark Giordano.
15:08 of 2nd period - Snap shot by Joseph Blandisi.
15:08 of 2nd period - Stopped by Cory Schneider without a rebound.
15:09 of 2nd period - Mark Scheifele wins face-off versus Sean Couturier in Avalanche zone.
15:16 of 2nd period - Snap shot by David Pastrnak.
15:16 of 2nd period - Shot Misses the Net.
15:18 of 2nd period - Slapshot by David Pastrnak.
15:18 of 2nd period - Stopped by Cory Schneider without a rebound.
15:19 of 2nd period - Sean Couturier wins face-off versus Mark Scheifele in Avalanche zone.
15:30 of 2nd period - Wrist shot by Mark Scheifele.
15:30 of 2nd period - Shot Misses the Net.
15:38 of 2nd period - Slapshot by David Pastrnak.
15:38 of 2nd period - Shot Misses the Net.
15:40 of 2nd period - Slapshot by Paul Martin.
15:40 of 2nd period - Stopped by Cory Schneider without a rebound.
15:41 of 2nd period - Zack Smith wins face-off versus John Tavares in Avalanche zone.
15:52 of 2nd period - Snap shot by John Tavares.
15:52 of 2nd period - Stopped by Cory Schneider without a rebound.
15:53 of 2nd period - Sean Couturier wins face-off versus Mark Scheifele in Avalanche zone.
16:02 of 2nd period - Snap shot by Nikita Kucherov.
16:02 of 2nd period - Shot Misses the Net.
16:04 of 2nd period - Slapshot by Jaccob Slavin.
16:04 of 2nd period - Shot Misses the Net.
16:06 of 2nd period - Slapshot by Mark Giordano.
16:06 of 2nd period - Shot Misses the Net.
16:44 of 2nd period - Snap shot by Joseph Blandisi.
16:44 of 2nd period - Shot Blocked by Mark Giordano.
16:46 of 2nd period - Slapshot by Connor Murphy.
16:46 of 2nd period - Stopped by Cory Schneider with a rebound.
16:48 of 2nd period - Slapshot by Paul Martin.
16:48 of 2nd period - Stopped by Cory Schneider without a rebound.
16:49 of 2nd period - Nick Bonino wins face-off versus Aleksander Barkov in Avalanche zone.
16:52 of 2nd period - Slapshot by Joseph Blandisi.
16:52 of 2nd period - Deflect By Nick Bonino.
16:52 of 2nd period - Shot Blocked by Johnny Gaudreau.
16:52 of 2nd period - Puck is out of play.
16:53 of 2nd period - Aleksander Barkov wins face-off versus Mark Scheifele in Avalanche zone.
17:30 of 2nd period - Snap shot by Sam Gagner.
17:30 of 2nd period - Shot Blocked by Nikita Kucherov.
18:29 of 2nd period - John Carlson is hit by Jakob Silfverberg and loses puck.
18:46 of 2nd period - Sean Couturier is hit by Matt Nieto and loses puck.
18:57 of 2nd period - Slapshot by Nikita Kucherov.
18:57 of 2nd period - Shot Misses the Net.
19:27 of 2nd period - Mark Giordano is hit by Cedric Paquette and loses puck.
Goals for this period are 3 for Red Wings vs 1 for Avalanche.
Shots for this period are 20 for Red Wings vs 15 for Avalanche.

3rd period


0:01 of 3rd period - Mark Scheifele wins face-off versus Sean Couturier in neutral zone.
0:26 of 3rd period - Mark Stuart is hit by Tomas Tatar and loses puck.
0:51 of 3rd period - Snap shot by Johnny Gaudreau.
0:51 of 3rd period - Stopped by James Reimer without a rebound.
0:52 of 3rd period - Nick Bonino wins face-off versus Sean Couturier in Red Wings zone.
1:09 of 3rd period - Snap shot by Mark Stone.
1:09 of 3rd period - Stopped by James Reimer without a rebound.
1:10 of 3rd period - Mark Scheifele wins face-off versus Zack Smith in Red Wings zone.
1:10 of 3rd period - Mark Scheifele is hit by Adam Larsson.
1:26 of 3rd period - Snap shot by David Pastrnak.
1:26 of 3rd period - Shot Misses the Net.
2:07 of 3rd period - Snap shot by Johnny Gaudreau.
2:07 of 3rd period - Deflect By Aleksander Barkov.
2:07 of 3rd period - Shot Misses the Net.
2:07 of 3rd period - Puck is out of play.
2:08 of 3rd period - Brandon Dubinsky wins face-off versus Sean Couturier in Red Wings zone.
3:26 of 3rd period - Snap shot by Jake DeBrusk.
3:26 of 3rd period - Shot Misses the Net.
3:48 of 3rd period - Paul Martin is hit by Sean Couturier.
4:13 of 3rd period - Off-side.
4:14 of 3rd period - Aleksander Barkov wins face-off versus Mark Scheifele in neutral zone.
4:41 of 3rd period - John Carlson is hit by Mark Jankowski and loses puck.
5:53 of 3rd period - Slapshot by Mark Scheifele.
5:53 of 3rd period - Shot Misses the Net.
5:55 of 3rd period - Slapshot by Connor Murphy.
5:55 of 3rd period - Shot Blocked by Jaccob Slavin.
5:57 of 3rd period - Wrist shot by David Pastrnak.
5:57 of 3rd period - Stopped by Cory Schneider with a rebound.
6:07 of 3rd period - Snap shot by Nikita Kucherov.
6:07 of 3rd period - Shot Misses the Net.
6:09 of 3rd period - Snap shot by Jakob Silfverberg.
6:09 of 3rd period - Stopped by James Reimer with a rebound.
6:11 of 3rd period - Slapshot by Aleksander Barkov.
6:11 of 3rd period - Shot Blocked by Connor Murphy.
6:21 of 3rd period - Wrist shot by Aleksander Barkov.
6:21 of 3rd period - Stopped by James Reimer with a rebound.
6:48 of 3rd period - Icing by Joseph Blandisi.
6:49 of 3rd period - Sam Bennett wins face-off versus Nick Bonino in Red Wings zone.
7:00 of 3rd period - Snap shot by Sam Bennett.
7:00 of 3rd period - Stopped by James Reimer with a rebound.
7:02 of 3rd period - Wrist shot by Alex Chiasson.
7:02 of 3rd period - Shot Misses the Net.
7:04 of 3rd period - Snap shot by Mark Stuart.
7:04 of 3rd period - Shot Blocked by Ben Hutton.
7:06 of 3rd period - Slapshot by Fedor Tyutin.
7:06 of 3rd period - Stopped by James Reimer without a rebound.
7:07 of 3rd period - Brandon Dubinsky wins face-off versus Aleksander Barkov in Red Wings zone.
7:24 of 3rd period - Slapshot by David Pastrnak.
7:24 of 3rd period - Stopped by Cory Schneider without a rebound.
7:25 of 3rd period - Zack Smith wins face-off versus John Tavares in Avalanche zone.
7:35 of 3rd period - Off-side.
7:36 of 3rd period - Mark Scheifele wins face-off versus Aleksander Barkov in neutral zone.
7:39 of 3rd period - Slapshot by Dion Phaneuf.
7:39 of 3rd period - Stopped by Cory Schneider without a rebound.
7:40 of 3rd period - Aleksander Barkov wins face-off versus Brandon Dubinsky in Avalanche zone.
7:58 of 3rd period - Johnny Gaudreau is hit by David Pastrnak and loses puck.
8:40 of 3rd period - Snap shot by Mark Scheifele.
8:40 of 3rd period - Deflect By Brandon Dubinsky.
8:40 of 3rd period - Shot Blocked by Aleksander Barkov.
8:40 of 3rd period - Puck is out of play.
8:41 of 3rd period - John Tavares wins face-off versus Sean Couturier in Avalanche zone.
8:52 of 3rd period - Wrist shot by Tomas Tatar.
8:52 of 3rd period - Goal by Tomas Tatar - Red Wings : 4 - Avalanche : 1.
8:53 of 3rd period - John Tavares wins face-off versus Zack Smith in neutral zone.
9:02 of 3rd period - Wrist shot by Tomas Tatar.
9:02 of 3rd period - Stopped by Cory Schneider with a rebound.
9:04 of 3rd period - Snap shot by Dion Phaneuf.
9:04 of 3rd period - Stopped by Cory Schneider with a rebound.
9:06 of 3rd period - Slapshot by Tomas Tatar.
9:06 of 3rd period - Goal by Tomas Tatar - Red Wings : 5 - Avalanche : 1.
9:07 of 3rd period - Mark Scheifele wins face-off versus Nikita Kucherov in neutral zone.
9:19 of 3rd period - Off-side.
9:20 of 3rd period - Mark Scheifele wins face-off versus Sean Couturier in neutral zone.
9:34 of 3rd period - Slapshot by John Carlson.
9:34 of 3rd period - Deflect By Mattias Ekholm.
9:34 of 3rd period - Stopped by Cory Schneider without a rebound.
9:35 of 3rd period - Mark Scheifele wins face-off versus Zack Smith in Avalanche zone.
10:00 of 3rd period - Snap shot by John Tavares.
10:00 of 3rd period - Shot Blocked by Jaccob Slavin.
10:28 of 3rd period - Wrist shot by Aleksander Barkov.
10:28 of 3rd period - Stopped by James Reimer with a rebound.
10:30 of 3rd period - Wrist shot by Johnny Gaudreau.
10:30 of 3rd period - Shot Blocked by Dion Phaneuf.
10:46 of 3rd period - Snap shot by Micheal Ferland.
10:46 of 3rd period - Shot Blocked by Matt Nieto.
10:48 of 3rd period - Snap shot by Zack Smith.
10:48 of 3rd period - Stopped by James Reimer without a rebound.
10:49 of 3rd period - Mark Scheifele wins face-off versus Micheal Ferland in Red Wings zone.
11:04 of 3rd period - Zack Smith is hit by David Pastrnak.
11:36 of 3rd period - Icing by Cedric Paquette.
11:37 of 3rd period - Cedric Paquette wins face-off versus Aleksander Barkov in Red Wings zone.
12:09 of 3rd period - Wrist shot by Zack Smith.
12:09 of 3rd period - Stopped by James Reimer with a rebound.
12:11 of 3rd period - Wrist shot by Mark Jankowski.
12:11 of 3rd period - Stopped by James Reimer with a rebound.
12:27 of 3rd period - Slapshot by Mark Scheifele.
12:27 of 3rd period - Shot Misses the Net.
12:29 of 3rd period - Snap shot by Christian Djoos.
12:29 of 3rd period - Stopped by Cory Schneider without a rebound.
12:30 of 3rd period - Sean Couturier wins face-off versus Tomas Tatar in Avalanche zone.
12:32 of 3rd period - Minor Penalty to Nikita Kucherov for Hooking.
12:33 of 3rd period - John Tavares wins face-off versus Zack Smith in Avalanche zone.
12:40 of 3rd period - Icing by John Tavares.
12:41 of 3rd period - Zack Smith wins face-off versus Sam Gagner in Red Wings zone.
14:32 of 3rd period - Penalty to Nikita Kucherov is over, Nikita Kucherov is back on ice.
14:37 of 3rd period - Wrist shot by Nick Bonino.
14:37 of 3rd period - Shot Misses the Net.
14:49 of 3rd period - Slapshot by Nick Bonino.
14:49 of 3rd period - Stopped by Cory Schneider with a rebound.
15:01 of 3rd period - Cedric Paquette is hit by Jaccob Slavin and loses puck.
15:36 of 3rd period - Matt Nieto is hit by Johnny Gaudreau and loses puck.
15:54 of 3rd period - Tomas Tatar is hit by Pavel Buchnevich and loses puck.
16:08 of 3rd period - Icing by Pavel Buchnevich.
16:09 of 3rd period - Sean Couturier wins face-off versus Oscar Lindberg in Avalanche zone.
16:09 of 3rd period - Sean Couturier is hit by David Pastrnak.
16:35 of 3rd period - Mark Stuart is hit by Connor Murphy and loses puck.
17:22 of 3rd period - Icing by Ben Hutton.
17:23 of 3rd period - Aleksander Barkov wins face-off versus Nick Bonino in Red Wings zone.
18:12 of 3rd period - Slapshot by Mark Jankowski.
18:12 of 3rd period - Shot Misses the Net.
18:14 of 3rd period - Slapshot by Mattias Ekholm.
18:14 of 3rd period - Shot Misses the Net.
18:16 of 3rd period - Slapshot by Micheal Ferland.
18:16 of 3rd period - Shot Misses the Net.
18:18 of 3rd period - Snap shot by Mark Jankowski.
18:18 of 3rd period - Shot Blocked by John Tavares.
18:20 of 3rd period - Wrist shot by Micheal Ferland.
18:20 of 3rd period - Shot Misses the Net.
18:22 of 3rd period - Slapshot by Adam Larsson.
18:22 of 3rd period - Stopped by James Reimer without a rebound.
18:23 of 3rd period - Aleksander Barkov wins face-off versus Mark Scheifele in Red Wings zone.
18:24 of 3rd period - Snap shot by Jakob Silfverberg.
18:24 of 3rd period - Stopped by James Reimer without a rebound.
18:25 of 3rd period - Aleksander Barkov wins face-off versus Mark Scheifele in Red Wings zone.
19:42 of 3rd period - Wrist shot by Pavel Buchnevich.
19:42 of 3rd period - Shot Misses the Net.
19:44 of 3rd period - Wrist shot by Sam Bennett.
19:44 of 3rd period - Deflect By Pavel Buchnevich.
19:44 of 3rd period - Shot Misses the Net.
19:44 of 3rd period - Puck is out of play.
19:45 of 3rd period - Mark Scheifele wins face-off versus Sean Couturier in Red Wings zone.
19:56 of 3rd period - Slapshot by Mark Stone.
19:56 of 3rd period - Stopped by James Reimer without a rebound.
19:57 of 3rd period - Zack Smith wins face-off versus Mark Scheifele in Red Wings zone.
Goals for this period are 2 for Red Wings vs 0 for Avalanche.
Shots for this period are 10 for Red Wings vs 13 for Avalanche.